 Dungeon Crawl Stone Soup version 0.29-a0-542-g075992c915 (webtiles) character file.

Game seed: 1298208694252267220

667 Crownlay the Digger (level 7, -2/36 HPs)
             Began as a Gargoyle Earth Elementalist on June 4, 2022.
             Slain by a gnoll sergeant
             ... wielding a +1 vorpal spear
              (4 damage)
             ... on level 5 of the Dungeon.
             The game lasted 00:04:26 (5777 turns).

Crownlay the Digger (Gargoyle Earth Elementalist)   Turns: 5777, Time: 00:04:26

Health: -2/36      AC:  9    Str: 11    XL:     7   Next: 57%
Magic:  4/16       EV: 11    Int: 18    God:
Gold:   240        SH:  0    Dex: 10    Spells: 14/18 levels left

rFire   . . .      SeeInvis .   u - +1 dagger (speed)
rCold   . . .      Faith    .   (no shield)
rNeg    + . .      Spirit   .   b - +0 robe
rPois   ∞          Reflect  .   (no helmet)
rElec   +          Harm     .   (no cloak)
rCorr   .          Rampage  .   n - +2 pair of gloves
Will    .....                   (no boots)
Stlth   ++........              (no amulet)
HPRegen 0.12/turn               (no ring)
MPRegen 0.15/turn               (no ring)

@: slowed, very slow
A: sickness immunity, AC +4, negative energy resistance 1, electricity
resistance, torment resistance 1, petrification resistance
a: no special abilities


You were on level 5 of the Dungeon.
You visited 1 branch of the dungeon, and saw 5 of its levels.

You collected 240 gold pieces.

Inventory:

Hand Weapons
 u - a +1 dagger of speed (weapon)
Missiles
 a - 120 stones
Armour
 b - a +0 robe (worn)
 n - a +2 pair of gloves (worn)
Jewellery
 f - a ring of resist corrosion
Wands
 k - a wand of charming (8)
 q - a wand of acid (8)
Scrolls
 d - 2 scrolls of fear {unknown}
 g - a scroll of brand weapon {unknown}
 h - 3 scrolls of summoning {unknown}
 i - 2 scrolls of teleportation {unknown}
 l - a scroll of immolation {unknown}
 s - a scroll of identify {unknown}
 t - a scroll of blinking {unknown}
Potions
 c - a potion of magic
 e - 2 potions of might {unknown}
 j - 2 potions of heal wounds
 m - 2 potions of curing {unknown}
 o - 2 potions of flight {unknown}
 p - a potion of brilliance {unknown}
 r - 3 potions of degeneration {unknown}
 v - a potion of lignification {unknown}


   Skills:
 - Level 1.5 Dodging
 - Level 2.1 Stealth
 * Level 6.3 Spellcasting
 - Level 0.7 Transmutations
 + Level 6.6 Earth Magic


You had 14 spell levels left.
You knew the following spells:

 Your Spells              Type           Power      Damage    Failure   Level
a - Sandblast             Erth           58%        2d13      1%          1
b - Stone Arrow           Conj/Erth      34%        3d9       9%          3

Your spell library contained the following spells:

 Spells                   Type           Power      Damage    Failure   Level
 Passwall                 Tmut/Erth      15%        N/A       3%          2
 Magic Dart               Conj           20%        1d4       12%         1
 Petrify                  Tmut/Erth      18%        N/A       26%         4
 Animate Armour           Summ/Erth      34%        N/A       30%         4
 Lehudib's Crystal Spear  Conj/Erth      8%         10d4      100%        8


Dungeon Overview and Level Annotations

Branches:
Dungeon (5/15)
 Temple: D:4-7

Altars:
Trog


Innate Abilities, Weirdness & Mutations

You are immune to sickness and miasma.
Your stone body is resilient. (AC +4)
You are immune to poison.
You resist negative energy. (rN+)
You are resistant to electric shocks. (rElec)
You are resistant to unholy torment.
You are immune to petrification.


Message History

The gnoll sergeant hits you from afar with a +1 vorpal spear.
The blast of sand hits the wraith.
The wraith is lightly damaged.
The wraith hits you. The wraith drains your vigour!
You feel yourself slow down.
The gnoll sergeant hits you from afar with a +1 vorpal spear.
The blast of sand hits the wraith but does no damage.
The wraith is lightly damaged.
The gnoll sergeant hits you from afar with a +1 vorpal spear!
* * * LOW HITPOINT WARNING * * *
x2 The wraith hits you but does no damage.
Okay, then.
Okay, then.
It was a potion of heal wounds.
You feel much better.
The gnoll sergeant hits you from afar with a +1 vorpal spear!
The wraith barely misses you.
The gnoll sergeant hits you from afar with a +1 vorpal spear.
The wraith misses you.
Casting: Sandblast (safe; 1% risk of failure)
Confirm with . or Enter, or press ? or * to list all spells.
Aiming: Stone Arrow (dangerous; 9% risk of failure)
Press: ? - help, Shift-Dir - straight line, f/p - wraith
Aim: a wraith (68% to hit)
The stone arrow hits the wraith!
The wraith is moderately damaged.
The gnoll sergeant hits you from afar with a +1 vorpal spear.
The wraith hits you.
* * * LOW HITPOINT WARNING * * *
Casting: Stone Arrow (dangerous; 9% risk of failure)
Confirm with . or Enter, or press ? or * to list all spells.
Aiming: Stone Arrow (dangerous; 9% risk of failure)
Press: ? - help, Shift-Dir - straight line, f/p - wraith
Aim: a wraith (moderately damaged, 68% to hit)
The stone arrow hits the wraith!
The wraith is heavily damaged.
The wraith hits you!
* * * LOW HITPOINT WARNING * * *
The gnoll sergeant misses you.
The gnoll sergeant hits you from afar with a +1 vorpal spear.
You die...

.#######..#+#...##
.........## ##...#
#######..# #...#
#.## ##..## #.#
#...# ..+ #...#
#.#########..# #.
......#..# #.
.....gW@.# #.
......#..#
#######..# #...#
#...# #..## ...#
#...# ..###


You could see a wraith and a gnoll sergeant.

Vanquished Creatures
  Menkaure (D:4)
  A black bear (D:4)
  2 ogres (D:4)
  2 necrophages (D:5)
  An orc priest (D:5)
  5 adders
  A white imp (D:5)
  2 worms (D:2)
  6 orcs
  11 endoplasms
  2 giant cockroaches (D:3)
  4 goblins
  A hobgoblin (D:4)
  14 jackals
  3 quokkas
  A ball python (D:2)
  4 bats (D:1)
  3 frilled lizards
  5 kobolds
  A rat (D:3)
70 creatures vanquished.

Vanquished Creatures (others)
  A fungus (D:2)
  A plant (D:2)
2 creatures vanquished.

Grand Total: 72 creatures vanquished

Notes
Turn   | Place    | Note
-------+----------+-------------------------------------------
     0 | D:1      | Crownlay the Gargoyle Earth Elementalist began the quest
                  | for the Orb.
     0 | D:1      | Reached XP level 1. HP: 10/10 MP: 3/3
   790 | D:1      | Reached XP level 2. HP: 14/15 MP: 5/5
  1801 | D:2      | Reached XP level 3. HP: 11/19 MP: 5/7
  1942 | D:2      | Found a faded altar of an unknown god.
  1949 | D:2      | Got Plato's Papyrus of Confrontation
  3052 | D:3      | Reached XP level 4. HP: 17/24 MP: 7/9
  4318 | D:4      | Noticed an ogre
  4327 | D:4      | Killed an ogre
  4328 | D:4      | Reached skill level 5 in Earth Magic
  4328 | D:4      | Reached XP level 5. HP: 28/28 MP: 1/11
  4333 | D:4      | Learned a level 3 spell: Stone Arrow
  4477 | D:4      | Noticed a black bear
  4492 | D:4      | Killed a black bear
  4493 | D:4      | Reached XP level 6. HP: 32/32 MP: 9/13
  4550 | D:4      | Found a bloodstained altar of Trog.
  4740 | D:4      | Reached skill level 5 in Spellcasting
  5169 | D:4      | Noticed Menkaure
  5172 | D:4      | Killed Menkaure
  5173 | D:4      | Reached XP level 7. HP: 36/36 MP: 10/15
  5433 | D:5      | Entered Level 5 of the Dungeon
  5767 | D:5      | Noticed a wraith
  5777 | D:5      | Slain by a gnoll sergeant

Illustrated notes

Levels and vault maps discovered:
D:1:      elethiomel_arrival_maze, layout_basic, serial_glass, glass_columns_c,
          glass_columns_a
D:2:      layout_basic, shapermc_ecumenical_altar_rom_forum,
          corexii_leaking_fountain
D:3:      layout_loops_corners
D:4:      layout_basic, trog_three_pillars_becter, uniq_menkaure
D:5:      layout_basic, minmay_divided_ellipse

Skill      XL: |  1  2  3  4  5  6  7 |
---------------+----------------------+-----
Earth Magic    | 4 5 6 |  6.6
Spellcasting   | 3 4 5 6 |  6.3
Dodging        | |  1.5
Stealth        | |  2.1
Transmutations | |  0.7

Action                   |  1- 3 |  4- 6 |  7- 9 || total
-------------------------+-------+-------+-------++-------
Melee: Dagger            |   136 |    49 |    18 ||   203
 Cast: Sandblast         |    16 |    34 |    35 ||    85
       Stone Arrow       |       |       |     2 ||     2
  Use: Potion            |       |       |     1 ||     1
 Stab: Sleeping          |     3 |       |       ||     3
       Distracted        |       |       |     1 ||     1
Armor: Robe              |    58 |    19 |    16 ||    93
Dodge: Dodged            |   101 |    45 |    23 ||   169

Table legend: (Time is in decaauts)
 A = Elapsed time spent in this place.
 B = Non-inter-level travel time spent in this place.
 C = Inter-level travel time spent in this place.
 D = Time resting spent in this place.
 E = Time spent auto-exploring this place.
 F = Levels seen in this place.
 G = Mean time per level.
                   A        B        C        D        E       F      G
               +--------+--------+--------+--------+--------+-----+--------+
         Total |   5770 |   5668 |    102 |      0 |   5084 |   5 | 1154.0 |
       Dungeon |   5770 |   5668 |    102 |      0 |   5084 |   5 | 1154.0 |
               +--------+--------+--------+--------+--------+-----+--------+

Top non-repeatable levels by time:
     D:2: 1607 daAuts
     D:1: 1406 daAuts
     D:3: 1244 daAuts
     D:4: 1165 daAuts
     D:5: 345 daAuts
